 Dungeon Crawl Stone Soup version 0.25.1-2-g60ff931df9 (webtiles) character file.

Game seed: 10466097210166203488

109 Delamore the Shield-Bearer (level 4, 0/29 HPs)
             Began as a Gargoyle Fighter on Aug 31, 2020.
             Slain by an orc (3 damage)
             ... on level 3 of the Dungeon.
             The game lasted 00:01:26 (1804 turns).

Delamore the Shield-Bearer (Gargoyle Fighter)       Turns: 1804, Time: 00:01:26

Health: 0/29       AC: 11    Str: 27    XL:     4   Next: 90%
Magic:  4/4        EV:  7    Int:  8    God:
Gold:   142        SH: 10    Dex:  9    Spells: 3/3 levels left

rFire    . . .     SeeInvis .   e - +3 spear
rCold    . . .     Gourm    .   c - +0 kite shield
rNeg     + . .     Faith    .   b - +0 scale mail
rPois    ∞         Spirit   .   (no helmet)
rElec    +         Reflect  .   (no cloak)
rCorr    .         Harm     .   (no gloves)
MR       .....                  n - +0 pair of boots
Stlth    ..........             (no amulet)
HPRegen  0.09/turn              g - +6 ring of strength
MPRegen  0.09/turn              (no ring)

@: no status effects
A: negative energy resistance 1, electricity resistance, unbreathing,
petrification resistance, rot immunity, AC +3
a: no special abilities


You were on level 3 of the Dungeon.
You were not hungry.

You visited 1 branch of the dungeon, and saw 3 of its levels.

You collected 142 gold pieces.

Inventory:

Hand Weapons
 a - a +0 flail
 e - a +3 spear (weapon)
Armour
 b - a +0 scale mail (worn)
 c - a +0 kite shield (worn)
 n - a +0 pair of boots (worn)
Jewellery
 g - a +6 ring of strength (left hand)
Scrolls
 h - 2 scrolls of fog {unknown}
 i - 6 scrolls of identify {unknown}
 k - a scroll of teleportation {unknown}
 l - a scroll of immolation {unknown}
 m - 2 scrolls of remove curse {unknown}
 p - a scroll of amnesia {unknown}
 q - a scroll of fear {unknown}
Potions
 d - a potion of might
 j - 2 potions of curing
 r - a potion of lignification {unknown}
Comestibles
 f - 2 rations


   Skills:
 + Level 4.1 Fighting
 + Level 2.9 Maces & Flails
 + Level 4.1 Armour
 + Level 4.1 Shields


You had 3 spell levels left.
You didn't know any spells.
Your spell library was empty.

Dungeon Overview and Level Annotations

Branches:
Dungeon (3/15)

Altars:
Elyvilon
The Shining One


Innate Abilities, Weirdness & Mutations

You are resistant to torment.
Your stone body is resilient. (AC +3)
You are immune to poison.
You resist negative energy. (rN+)
You are resistant to electric shocks. (rElec)
You can survive without breathing.
You are immune to petrification.
You are immune to rotting.


Message History

Your Fighting skill increases to level 4!
Your Armour skill increases to level 4!
You block the orc's attack. Something hits you but does no damage.
You puncture something!
Reactivating autopickup.
You feel a bit more experienced. You block the orc's attack.
You block the orc's attack.
Things that are here:
a +0 dagger; a +0 robe You hit the orc.
The orc is heavily wounded.
The orc hits you but does no damage.
You puncture the orc!
You kill the orc!
You closely miss the orc. The orc hits you.
* * * LOW HITPOINT WARNING * * *
You hit the orc.
The orc is moderately wounded.
The orc hits you.
You die...

#.........#.#....#####......
##.#.######.#...[...........
#..........#.#.#.####......
###.########.#.#.# #......
#.# ..#.#.#.# #......
#.######.#.#.#.# #......
#......).#.#.#.# #......
########.#.#.#.# #......
#@#.#.#.# ###.### #o#.#
#.######.# #.# #.#......#
#.# #.#.####### #.#
#.......... #.# #.#.######.
#.# #.#.#....# #.#
#.#......# #.....####


You could see an orc.

Vanquished Creatures
  2 orc wizards (D:3)
  Terence (D:2)
  An ooze (D:2)
  2 worms
  2 orcs (D:3)
  A ball python (D:3)
  2 giant cockroaches
  3 goblins
  4 hobgoblins
  6 kobolds
  2 quokkas
  6 bats
  A frilled lizard (D:2)
  4 rats
37 creatures vanquished.

Notes
Turn   | Place    | Note
-------+----------+-------------------------------------------
     0 | D:1      | Delamore the Gargoyle Fighter began the quest for the Orb.
     0 | D:1      | Reached XP level 1. HP: 14/14 MP: 1/1
   447 | D:1      | Reached XP level 2. HP: 19/19 MP: 2/2
   881 | D:2      | Noticed Terence
   884 | D:2      | Reached XP level 3. HP: 21/23 MP: 3/3
   902 | D:2      | Killed Terence
  1166 | D:2      | Found a glowing golden altar of the Shining One.
  1188 | D:2      | Reached XP level 4. HP: 26/29 MP: 4/4
  1580 | D:3      | Found a white marble altar of Elyvilon.
  1804 | D:3      | Slain by an orc

Illustrated notes

Levels and vault maps discovered:
D:1:      dpeg_arrival_stone_temple_mockup, layout_basic
D:2:      layout_basic, overflow_temple_1_default, minmay_split_cup_large,
          uniq_terence
D:3:      layout_basic, elyvilon_altar_5, uniq_natasha

Skill      XL: |  1  2  3  4 |
---------------+-------------+-----
Shields        | 4 |  4.1
Fighting       | 4 |  4.1
Armour         | 4 |  4.1
Maces & Flails | |  2.9

Action                   |  1- 3 |  4- 6 || total
-------------------------+-------+-------++-------
Melee: Spear             |    77 |    66 ||   143
  Eat: Chunk             |     1 |     2 ||     3
Armor: Scale mail        |    27 |    37 ||    64
Dodge: Dodged            |    19 |    16 ||    35
Block: Kite shield       |    36 |    30 ||    66
